 Dungeon Crawl Stone Soup version 0.29-a0-221-gceb61267dd (webtiles) character file.

Game seed: 14526011954413221438

55 Hasart the Bolt Thrower (level 3, -3/29 HPs)
             Began as a Demigod Hunter on Feb 26, 2022.
             Slain by Natasha (7 damage)
             ... on level 2 of the Dungeon on Feb 27, 2022.
             The game lasted 00:04:02 (1182 turns).

Hasart the Bolt Thrower (Demigod Hunter)            Turns: 1182, Time: 00:04:02

Health: -3/29      AC:  3    Str: 13    XL:     3   Next: 45%
Magic:  5/5        EV: 12    Int: 13    God:
Gold:   39         SH:  0    Dex: 18    Spells: 2/2 levels left

rFire   . . .      SeeInvis .   a - +1 hand crossbow
rCold   . . .      Faith    .   (no shield)
rNeg    . . .      Spirit   .   b - +0 leather armour
rPois   .          Reflect  .   (no helmet)
rElec   .          Harm     .   (no cloak)
rCorr   .          Rampage  .   (no gloves)
Will    .....                   (no boots)
Stlth   +.........              (no amulet)
HPRegen 0.09/turn               (no ring)
MPRegen 0.09/turn               (no ring)

@: confused
A: high MP 1, forlorn, divine attributes
a: no special abilities


You were on level 2 of the Dungeon.
You visited 1 branch of the dungeon, and saw 2 of its levels.

You collected 39 gold pieces.

Inventory:

Hand Weapons
 a - a +1 hand crossbow (weapon)
Armour
 b - a +0 leather armour (worn)
Wands
 n - a wand of digging (5)
Scrolls
 f - 2 scrolls of enchant armour {unknown}
 h - a scroll of identify {unknown}
 i - a scroll of noise {unknown}
 m - a scroll of brand weapon {unknown}
Potions
 c - a potion of curing {unknown}
 d - a potion of resistance {unknown}
 e - a potion of invisibility {unknown}
 g - a potion of mutation {unknown}
 j - a potion of degeneration {unknown}
 k - a potion of heal wounds {unknown}
 l - a potion of might {unknown}


   Skills:
 + Level 2.2 Fighting
 * Level 4.2 Crossbows
 + Level 2.2 Dodging
 + Level 1.7 Stealth


You had 2 spell levels left.
You didn't know any spells.
Your spell library contained the following spells:

 Spells                   Type           Power      Damage    Failure   Level
 Ignite Poison            Fire/Tmut/Pois 0%         N/A       75%         3
 Mephitic Cloud           Conj/Pois/Air  0%         N/A       75%         3
 Freezing Cloud           Conj/Ice/Air   0%         6-21      100%        5


Dungeon Overview and Level Annotations

Branches:
Dungeon (2/15)

Annotations:
D:2 Natasha, Sigmund


Innate Abilities, Weirdness & Mutations

You have an increased reservoir of magic. (+10% MP)
You shall have no god before yourself.
Your divine heritage dramatically boosts your attributes as you level up.


Message History

Aim: Natasha (moderately wounded, 58% to hit)
You shoot a bolt. The bolt hits Natasha.
Natasha is moderately wounded.
Natasha casts a spell.
Shoot: a) +1 hand crossbow
Press: ? - help, Q - select action Shift-Dir - straight line, f/p - Natasha
Aim: Natasha (moderately wounded, 58% to hit)
You shoot a bolt. The bolt hits Natasha!
Natasha is almost dead.
Natasha claws you.
* * * LOW HITPOINT WARNING * * *
Unknown command.
Shoot: a) +1 hand crossbow
Press: ? - help, Q - select action Shift-Dir - straight line, f/p - Natasha
Aim: Natasha (almost dead, 58% to hit)
You shoot a bolt. The bolt hits Natasha.
You kill Natasha!
Natasha screams in fury as she dies!
The white imp disappears in a puff of smoke!
You have reached level 3!
Your experience leads to a dramatic increase in your attributes!
Increase (S)trength, (I)ntelligence, or (D)exterity?
You feel agile. x4
You start resting.
Natasha, Servant of Life and Death comes into view.
Sigmund shouts!
Sigmund gestures at you while chanting.
You are confused.
Natasha completely misses you.
Non-targeted confused shoot: a) +1 hand crossbow
Press: ? - help, Q - select action Dir - look around, f - activate
Okay, then.
Natasha stares at you and mumbles some strange words.
The magic dart hits you.
* * * LOW HITPOINT WARNING * * *
Natasha completely misses you.
You bump into the rock wall.
Natasha casts a spell.
You're too confused to move!
Natasha claws you!
You die...

####.#####........##.#
#.................# ... ##
#.#####........#### .. .#
#.............## ..# .#
########.....## ##..## .#
#....## ..... .# #.5.## §..
.##### #..h######†# .....####
#..@.......#
.#......######...#####..#
###..................@..... #
##..............@..........
###......>..............#.##.#
.#......#####.....####.##... #
#.......# #....... ..# ...
....##### #.....####.# ...
###.# #.....#


You could see Sigmund, an iron imp (summoned) and Natasha.

Vanquished Creatures
  Natasha (D:2)
  4 dart slugs
  2 endoplasms
  A giant cockroach (D:1)
  2 goblins (D:1)
  3 hobgoblins
  A kobold (D:1)
  A quokka (D:1)
  2 ball pythons
  2 bats (D:1)
  2 frilled lizards (D:2)
  A rat (D:2)
22 creatures vanquished.

Notes
Turn   | Place    | Note
-------+----------+-------------------------------------------
     0 | D:1      | Hasart the Demigod Hunter began the quest for the Orb.
     0 | D:1      | Reached XP level 1. HP: 17/17 MP: 3/3
   205 | D:1      | Reached skill level 1 in Stealth
   414 | D:1      | Reached XP level 2. HP: 21/24 MP: 4/4
   732 | D:2      | Noticed Sigmund
   798 | D:2      | Reached skill level 4 in Crossbows
  1132 | D:2      | Noticed Natasha
  1142 | D:2      | Killed Natasha
  1143 | D:2      | Reached XP level 3. HP: 7/29 MP: 5/5
  1177 | D:2      | Noticed Natasha
  1182 | D:2      | Slain by Natasha

Illustrated notes

Levels and vault maps discovered:
D:1:      dpeg_arrival_arbitrary_c, layout_basic,
          shapermc_ecumenical_altar_starsandcircs, kennysheep_flooded_box
D:2:      layout_loops_cross, nrook_mini_backslash, uniq_sigmund, uniq_natasha

Skill      XL: |  1  2 |
---------------+-------+-----
Stealth        | 1 |  1.7
Fighting       | 2 |  2.2
Dodging        | 2 |  2.2
Crossbows      | 4 |  4.2

Action                   || total
-------------------------++-------
 Fire: Hand crossbow     ||    66
Armor: Leather armour    ||    14
Dodge: Dodged            ||    17

Table legend: (Time is in decaauts)
 A = Elapsed time spent in this place.
 B = Non-inter-level travel time spent in this place.
 C = Inter-level travel time spent in this place.
 D = Time resting spent in this place.
 E = Time spent auto-exploring this place.
 F = Levels seen in this place.
 G = Mean time per level.
                   A        B        C        D        E       F      G
               +--------+--------+--------+--------+--------+-----+--------+
         Total |   1206 |   1155 |     51 |     31 |    964 |   2 |  603.0 |
       Dungeon |   1206 |   1155 |     51 |     31 |    964 |   2 |  603.0 |
               +--------+--------+--------+--------+--------+-----+--------+

Top non-repeatable levels by time:
     D:1: 769 daAuts
     D:2: 436 daAuts
